Canucks vs Canadiens

Created - April 16, 2020 at 19:24

Goals
1 2 3 T
Canucks 0 1 0 1
Canadiens 0 2 0 2
Shots
1 2 3 T
Canucks 8 13 4 25
Canadiens 9 11 8 28

1st period

No Goal

Penalties :
Patrick Eaves (Van) for Hooking (Minor) at 1:35, Raphael Diaz (Mon) for Hooking (Minor) at 7:32

2nd period

1. Canadiens , Greg Stewart 30 (Frans Nielsen 34, Mark Stuart 14) at 5:16
2. Canadiens , Dustin Boyd 17 (Viktor Stalberg 7, Colton Parayko 24) at 6:37
3. Canucks , Jeremy Morin 10 (Jason Zucker 17) at 11:35

Penalties :
No Penalty

3rd period

No Goal

Penalties :
Cameron Gaunce (Mon) for Holding (Minor) at 3:09, Colton Parayko (Mon) for Hooking (Minor) at 9:09

Goalie Stats

Jacob Markstrom (Van), 26 saves from 28 shots - (0.929), L, 29-33-5, 59:27 minutes
Henrik Lundqvist (Mon), 24 saves from 25 shots - (0.960), W, 35-17-8, 60:00 minutes

Players Stats for Canucks

Player Name              G  A  P  +/- PIM S  H  SB GA TA FO     MP     PP MP  PK MP  
------------------------------------------------------------------------------------
Brandon Saad             0  0  0   0  0   1  1  0  1  0  0/0     8:23   0:00   0:01 
Brandon Sutter           0  0  0   0  0   1  1  0  0  1  4/6    12:26   0:15   0:48 
Colton Gillies           0  0  0   0  0   0  1  0  0  0  2/3     7:50   0:00   0:00 
Drew Fata                0  0  0   0  0   0  0  4  2  1  0/0    27:57   3:14   0:57 
Jack Skille              0  0  0   0  0   0  2  0  0  0  0/0     9:19   0:44   0:24 
Jamie McBain             0  0  0   0  0   4  0  1  4  1  0/0    27:57   3:14   0:57 
Jason Zucker             0  1  1   1  0   3  0  0  0  0  0/0    16:37   2:12   0:00 
Jeremy Morin             1  0  1   1  0   3  1  0  0  0  0/0    16:37   2:12   0:00 
Jonathan Blum            0  0  0   0  0   1  1  0  0  1  0/0    20:12   2:43   1:02 
Jordie Benn              0  0  0  -1  0   1  0  0  0  0  0/0    11:51   0:00   0:00 
Kurtis Foster            0  0  0   0  0   0  0  2  1  2  0/0    20:12   2:43   1:02 
Loui Eriksson            0  0  0  -2  0   0  2  2  0  0  0/3    21:26   3:01   0:48 
Marc Savard              0  0  0   1  0   2  1  0  0  0  6/12   17:21   1:57   0:59 
Patrick Eaves            0  0  0   0  2   2  0  0  0  0  0/1    12:49   0:44   0:00 
Pierre-Luc Létourneau    0  0  0   0  0   0  1  0  0  0  0/1    12:24   0:44   0:00 
Robert Nilsson           0  0  0  -2  0   5  0  1  2  0  13/34  22:10   3:01   0:58 
Theo Peckham             0  0  0  -1  0   0  1  2  0  0  0/0    11:51   0:00   0:00 
Tyler Toffoli            0  0  0  -2  0   2  2  0  1  0  0/0    20:38   3:01   0:00 

Players Stats for Canadiens

Player Name              G  A  P  +/- PIM S  H  SB GA TA FO     MP     PP MP  PK MP  
------------------------------------------------------------------------------------
Benoit Pouliot           0  0  0  -1  0   3  3  1  0  2  1/2    20:57   1:02   1:58 
Brett Maclean            0  0  0   0  0   2  0  1  0  0  0/0    11:59   0:00   0:00 
Cameron Gaunce           0  0  0  -1  2   0  0  0  0  0  0/0    14:23   0:56   0:15 
Colton Parayko           0  1  1   2  2   2  1  1  1  1  0/0    25:50   1:03   1:21 
Corey Perry              0  0  0  -1  0   2  3  0  2  1  1/7    22:25   1:02   3:27 
Dustin Boyd              1  0  1   1  0   1  0  0  1  1  3/4     9:12   0:00   1:31 
Enver Lisin              0  0  0   0  0   1  0  0  0  0  0/0    11:59   0:00   0:00 
Frans Nielsen            0  1  1   1  0   2  0  1  1  0  12/16  16:54   0:57   1:29 
Greg Stewart             1  0  1   1  0   4  4  2  0  0  0/1    15:35   0:57   0:07 
Henrik Sedin             0  0  0  -1  0   2  2  2  0  1  13/23  22:50   1:02   3:22 
Mark Stuart              0  1  1   2  0   1  3  1  0  1  0/0    26:37   0:00   3:51 
Nikolai Zherdev          0  0  0   1  0   0  2  0  0  0  0/0     7:07   0:00   0:00 
Pierre-Marc Bouchard     0  0  0   0  0   2  4  0  1  0  5/7    11:59   0:00   0:00 
Raphael Diaz             0  0  0   0  2   1  0  1  0  2  0/0    17:42   0:56   0:15 
Shaone Morrisonn         0  0  0   0  0   1  0  1  0  0  0/0    19:48   0:00   3:50 
Steve Downie             0  0  0   1  0   3  2  0  0  1  0/0    15:24   0:57   0:00 
Viktor Stalberg          0  1  1   1  0   0  0  0  0  0  0/0     7:07   0:00   0:00 
Vitaly Vishnevsky        0  0  0  -1  0   1  2  1  0  1  0/0    16:12   1:03   2:22 

3 Stars

1 - Greg Stewart (Mon)
2 - Henrik Lundqvist (Mon)
3 - Mark Stuart (Mon)

Power Play

Canucks - 0 on 3 Attempt(s) - 0.00%
Canadiens - 0 on 1 Attempt(s) - 0.00%

Penalty Kill

Canucks - 1 on 1 Attempt(s) - 100.00% - Score 0 goal in Penalty Kill
Canadiens - 3 on 3 Attempt(s) - 100.00% - Score 0 goal in Penalty Kill

Team Stat

Canucks - Hits : 14 - Faceoff Wins : 25 - Blocked Shots : 12 - Penalty Minutes : 2
Canadiens - Hits : 26 - Faceoff Wins : 35 - Blocked Shots : 12 - Penalty Minutes : 6

Official

Referees : Unknown
Linesman : Unknown

Game Notes

No Game Note

Finance

Level 1 -- Attendance: 6000 (100.00%) -- Ticket Income $552,000
Level 2 -- Attendance: 5000 (100.00%) -- Ticket Income $275,000
Level 3 -- Attendance: 2000 (100.00%) -- Ticket Income $80,000
Level 4 -- Attendance: 4000 (100.00%) -- Ticket Income $100,000
Luxury Box -- Attendance: 1000 (100.00%) -- Ticket Income $168,000
Game was played at the Centre Bell.
Total Attendance: 18000 (100.00%)
Total Ticket Income: $1,175,000
Other Income: $176,250
Total Income: $1,351,250

Canucks

5 vs 5 Forward 
   Center                   Left Wing                Right Wing               Time % Phy DF OF 
 1 Robert Nilsson           Loui Eriksson            Tyler Toffoli            40     1   2  2  
 2 Marc Savard              Jason Zucker             Jeremy Morin             30     1   2  2  
 3 Brandon Sutter           Pierre-Luc Létourneau    Patrick Eaves            20     1   2  2  
 4 Colton Gillies           Brandon Saad             Jack Skille              10     1   2  2  

5 vs 5 Defense 
   Defense                  Defense                                           Time % Phy DF OF 
 1 Jamie McBain             Drew Fata                                         40     1   2  2  
 2 Kurtis Foster            Jonathan Blum                                     30     1   2  2  
 3 Theo Peckham             Jordie Benn                                       20     1   2  2  
 4 Jamie McBain             Drew Fata                                         10     1   2  2  

PowerPlay Forward 
   Center                   Left Wing                Right Wing               Time % Phy DF OF 
 1 Robert Nilsson           Loui Eriksson            Tyler Toffoli            60     1   2  2  
 2 Marc Savard              Jason Zucker             Jeremy Morin             40     1   2  2  

PowerPlay Defense
   Defense                  Defense                                           Time % Phy DF OF 
 1 Jamie McBain             Drew Fata                                         60     1   2  2  
 2 Kurtis Foster            Jonathan Blum                                     40     1   2  2  

Penalty Kill 4 Players Forward 
   Center                   Wing                     Time % Phy DF OF 
 1 Robert Nilsson           Marc Savard              60     1   2  2  
 2 Loui Eriksson            Brandon Sutter           40     1   2  2  

Penalty Kill 4 Players Defense
   Defense                  Defense                  Time % Phy DF OF 
 1 Jamie McBain             Drew Fata                60     1   2  2  
 2 Kurtis Foster            Jonathan Blum            40     1   2  2  

Penalty Kill - 3 Players Forward 
   Forward                                           Time % Phy DF OF 
 1 Robert Nilsson                                    60     1   2  2  
 2 Marc Savard                                       40     1   2  2  

Penalty Kill - 3 Players Defense
   Defense                  Defense                  Time % Phy DF OF 
 1 Jamie McBain             Drew Fata                60     1   2  2  
 2 Kurtis Foster            Jonathan Blum            40     1   2  2  

4 vs 4 Forward 
   Center                   Wing                     Time % Phy DF OF 
 1 Robert Nilsson           Marc Savard              60     1   2  2  
 2 Loui Eriksson            Brandon Sutter           40     1   2  2  

4 vs 4 Defense
   Defense                  Defense                  Time % Phy DF OF 
 1 Jamie McBain             Drew Fata                60     1   2  2  
 2 Kurtis Foster            Jonathan Blum            40     1   2  2  

Last Minutes Offensive
   Center                   Left Wing                Right Wing               Defense                  Defense                  
   Robert Nilsson           Loui Eriksson            Tyler Toffoli            Jamie McBain             Drew Fata                

Last Minutes Defensive
   Center                   Left Wing                Right Wing               Defense                  Defense                  
   Robert Nilsson           Loui Eriksson            Tyler Toffoli            Jamie McBain             Drew Fata                

Goaltenders
Starting : Jacob Markstrom          
Backup : Martin Jones             

Extra Forwards
Normal : Pierre-Luc Létourneau, Patrick Eaves, Jack Skille - PP : Pierre-Luc Létourneau, Patrick Eaves - PK : Jack Skille
Extra Defensemen
Normal : Theo Peckham, Jordie Benn, Kurtis Foster - PP : Theo Peckham - PK : Jordie Benn, Kurtis Foster
Penalty Shots
Robert Nilsson, Marc Savard, Loui Eriksson, Brandon Sutter, Tyler Toffoli

Scratches
Andy Rogers (Healthy)

Canadiens

5 vs 5 Forward 
   Center                   Left Wing                Right Wing               Time % Phy DF OF 
 1 Henrik Sedin             Benoit Pouliot           Corey Perry              40     0   1  4  
 2 Frans Nielsen            Greg Stewart             Steve Downie             30     0   1  4  
 3 Pierre-Marc Bouchard     Brett Maclean            Enver Lisin              20     1   2  2  
 4 Dustin Boyd              Viktor Stalberg          Nikolai Zherdev          10     1   2  2  

5 vs 5 Defense 
   Defense                  Defense                                           Time % Phy DF OF 
 1 Colton Parayko           Mark Stuart                                       40     0   2  3  
 2 Raphael Diaz             Shaone Morrisonn                                  30     0   2  3  
 3 Vitaly Vishnevsky        Cameron Gaunce                                    20     0   3  2  
 4 Mark Stuart              Colton Parayko                                    10     1   2  2  

PowerPlay Forward 
   Center                   Left Wing                Right Wing               Time % Phy DF OF 
 1 Henrik Sedin             Benoit Pouliot           Corey Perry              60     0   0  5  
 2 Frans Nielsen            Greg Stewart             Steve Downie             40     0   0  5  

PowerPlay Defense
   Defense                  Defense                                           Time % Phy DF OF 
 1 Colton Parayko           Vitaly Vishnevsky                                 60     0   1  4  
 2 Cameron Gaunce           Raphael Diaz                                      40     0   1  4  

Penalty Kill 4 Players Forward 
   Center                   Wing                     Time % Phy DF OF 
 1 Corey Perry              Henrik Sedin             60     0   5  0  
 2 Benoit Pouliot           Frans Nielsen            40     0   5  0  

Penalty Kill 4 Players Defense
   Defense                  Defense                  Time % Phy DF OF 
 1 Shaone Morrisonn         Mark Stuart              60     0   5  0  
 2 Colton Parayko           Vitaly Vishnevsky        40     0   5  0  

Penalty Kill - 3 Players Forward 
   Forward                                           Time % Phy DF OF 
 1 Corey Perry                                       60     0   5  0  
 2 Henrik Sedin                                      40     0   5  0  

Penalty Kill - 3 Players Defense
   Defense                  Defense                  Time % Phy DF OF 
 1 Mark Stuart              Vitaly Vishnevsky        60     1   4  0  
 2 Colton Parayko           Shaone Morrisonn         40     1   4  0  

4 vs 4 Forward 
   Center                   Wing                     Time % Phy DF OF 
 1 Corey Perry              Henrik Sedin             60     0   2  3  
 2 Benoit Pouliot           Frans Nielsen            40     0   2  3  

4 vs 4 Defense
   Defense                  Defense                  Time % Phy DF OF 
 1 Cameron Gaunce           Vitaly Vishnevsky        60     0   2  3  
 2 Colton Parayko           Mark Stuart              40     0   2  3  

Last Minutes Offensive
   Center                   Left Wing                Right Wing               Defense                  Defense                  
   Henrik Sedin             Benoit Pouliot           Corey Perry              Colton Parayko           Vitaly Vishnevsky        

Last Minutes Defensive
   Center                   Left Wing                Right Wing               Defense                  Defense                  
   Henrik Sedin             Benoit Pouliot           Corey Perry              Shaone Morrisonn         Mark Stuart              

Goaltenders
Starting : Henrik Lundqvist         
Backup : Allen York               

Extra Forwards
Normal : Henrik Sedin, Benoit Pouliot, Corey Perry - PP : Corey Perry, Benoit Pouliot - PK : Dustin Boyd
Extra Defensemen
Normal : Raphael Diaz, Colton Parayko, Vitaly Vishnevsky - PP : Vitaly Vishnevsky - PK : Mark Stuart, Colton Parayko
Penalty Shots
Corey Perry, Henrik Sedin, Benoit Pouliot, Frans Nielsen, Greg Stewart

Scratches
Bryce Lampman (Healthy)

% Time on Ice - Canucks

Lines # - Real PCT - Wanted PCT - Time Play
Normal Forward
1 - 35% - 40% - 17:46
2 - 28% - 30% - 14:25
3 - 22% - 20% - 11:23
4 - 15% - 10% - 7:50
Normal Defense
1 - 39% - 40% - 20:10
2 - 32% - 30% - 16:27
3 - 23% - 20% - 11:51
4 - 6% - 10% - 2:56
PP Forward
1 - 63% - 60% - 3:45
2 - 37% - 40% - 2:12
PP Defense
1 - 54% - 60% - 3:14
2 - 46% - 40% - 2:43
PK Forward
1 - 60% - 60% - 1:11
2 - 40% - 40% - 0:48
PK Defense
1 - 48% - 60% - 0:57
2 - 52% - 40% - 1:02
PK3 Forward
1 - 0% - 60%
2 - 0% - 40%
PK3 Defense
1 - 0% - 60%
2 - 0% - 40%
44 Forward
1 - 0% - 60%
2 - 0% - 40%
44 Defense
1 - 0% - 60%
2 - 0% - 40%
Last Minute Offensive  - 0:40
Last Minute Defensive  - 0:00
Total
Forward - 60:00
Defense - 60:00

% Time on Ice - Canadiens

Lines # - Real PCT - Wanted PCT - Time Play
Normal Forward
1 - 35% - 40% - 17:50
2 - 28% - 30% - 14:28
3 - 23% - 20% - 11:59
4 - 14% - 10% - 7:07
Normal Defense
1 - 40% - 40% - 20:38
2 - 32% - 30% - 16:33
3 - 22% - 20% - 11:23
4 - 6% - 10% - 2:50
PP Forward
1 - 52% - 60% - 1:02
2 - 48% - 40% - 0:57
PP Defense
1 - 53% - 60% - 1:03
2 - 47% - 40% - 0:56
PK Forward
1 - 75% - 60% - 4:28
2 - 25% - 40% - 1:29
PK Defense
1 - 51% - 60% - 3:02
2 - 49% - 40% - 2:55
PK3 Forward
1 - 0% - 60%
2 - 0% - 40%
PK3 Defense
1 - 0% - 60%
2 - 0% - 40%
44 Forward
1 - 0% - 60%
2 - 0% - 40%
44 Defense
1 - 0% - 60%
2 - 0% - 40%
Last Minute Offensive  - 0:00
Last Minute Defensive  - 0:40
Total
Forward - 60:00
Defense - 60:00

Play-by-Play

1st period


0:01 of 1st period - Henrik Sedin wins face-off versus Robert Nilsson in neutral zone.
0:06 of 1st period - Jamie McBain is hit by Corey Perry and loses puck.
1:00 of 1st period - Icing by Jonathan Blum.
1:01 of 1st period - Dustin Boyd wins face-off versus Brandon Sutter in Canucks zone.
1:35 of 1st period - Minor Penalty to Patrick Eaves for Hooking.
1:36 of 1st period - Benoit Pouliot wins face-off versus Robert Nilsson in Canucks zone.
1:50 of 1st period - Slapshot by Jamie McBain.
1:50 of 1st period - Shot Blocked by Colton Parayko.
2:02 of 1st period - Brandon Sutter is hit by Greg Stewart and loses puck.
3:15 of 1st period - Kurtis Foster is hit by Vitaly Vishnevsky.
3:25 of 1st period - Brandon Sutter is hit by Steve Downie and loses puck.
3:35 of 1st period - Penalty to Patrick Eaves is over, Patrick Eaves is back on ice.
3:42 of 1st period - Kurtis Foster is hit by Pierre-Marc Bouchard and loses puck.
3:51 of 1st period - Wrist shot by Pierre-Marc Bouchard.
3:51 of 1st period - Shot Blocked by Robert Nilsson.
4:07 of 1st period - Snap shot by Robert Nilsson.
4:07 of 1st period - Stopped by Henrik Lundqvist with a rebound.
5:14 of 1st period - Marc Savard is hit by Pierre-Marc Bouchard and loses puck.
5:51 of 1st period - Brandon Sutter is hit by Benoit Pouliot and loses puck.
6:23 of 1st period - Jordie Benn is hit by Nikolai Zherdev and loses puck.
6:40 of 1st period - Jeremy Morin is hit by Mark Stuart and loses puck.
7:05 of 1st period - Slapshot by Jamie McBain.
7:05 of 1st period - Shot Misses the Net.
7:07 of 1st period - Slapshot by Jamie McBain.
7:07 of 1st period - Shot Misses the Net.
7:09 of 1st period - Slapshot by Drew Fata.
7:09 of 1st period - Shot Misses the Net.
7:11 of 1st period - Wrist shot by Drew Fata.
7:11 of 1st period - Shot Misses the Net.
7:29 of 1st period - Snap shot by Marc Savard.
7:29 of 1st period - Stopped by Henrik Lundqvist without a rebound.
7:30 of 1st period - Henrik Sedin wins face-off versus Robert Nilsson in Canadiens zone.
7:32 of 1st period - Minor Penalty to Raphael Diaz for Hooking.
7:33 of 1st period - Robert Nilsson wins face-off versus Corey Perry in Canadiens zone.
7:33 of 1st period - Slapshot by Loui Eriksson.
7:33 of 1st period - Deflect By Robert Nilsson.
7:33 of 1st period - Stopped by Henrik Lundqvist with a rebound.
8:27 of 1st period - Slapshot by Jamie McBain.
8:27 of 1st period - Shot Misses the Net.
8:29 of 1st period - Snap shot by Jamie McBain.
8:29 of 1st period - Shot Blocked by Benoit Pouliot.
8:49 of 1st period - Corey Perry is hit by Brandon Sutter and loses puck.
9:05 of 1st period - Off-side.
9:06 of 1st period - Corey Perry wins face-off versus Pierre-Luc Létourneau in neutral zone.
9:09 of 1st period - Pierre-Luc Létourneau is hit by Vitaly Vishnevsky and loses puck.
9:32 of 1st period - Penalty to Raphael Diaz is over, Raphael Diaz is back on ice.
9:40 of 1st period - Snap shot by Brett Maclean.
9:40 of 1st period - Stopped by Jacob Markstrom without a rebound.
9:41 of 1st period - Colton Gillies wins face-off versus Pierre-Marc Bouchard in Canucks zone.
9:48 of 1st period - Pierre-Marc Bouchard is hit by Colton Gillies and loses puck.
10:07 of 1st period - Robert Nilsson is hit by Steve Downie and loses puck.
10:34 of 1st period - Wrist shot by Corey Perry.
10:34 of 1st period - Shot Misses the Net.
11:01 of 1st period - Snap shot by Jamie McBain.
11:01 of 1st period - Shot Blocked by Mark Stuart.
11:38 of 1st period - Off-side.
11:39 of 1st period - Henrik Sedin wins face-off versus Robert Nilsson in neutral zone.
12:15 of 1st period - Snap shot by Enver Lisin.
12:15 of 1st period - Shot Misses the Net.
12:17 of 1st period - Snap shot by Brett Maclean.
12:17 of 1st period - Shot Misses the Net.
12:19 of 1st period - Snap shot by Enver Lisin.
12:19 of 1st period - Stopped by Jacob Markstrom with a rebound.
12:39 of 1st period - Snap shot by Jeremy Morin.
12:39 of 1st period - Shot Misses the Net.
12:41 of 1st period - Wrist shot by Jason Zucker.
12:41 of 1st period - Stopped by Henrik Lundqvist without a rebound.
12:42 of 1st period - Brandon Sutter wins face-off versus Henrik Sedin in Canadiens zone.
12:43 of 1st period - Slapshot by Jamie McBain.
12:43 of 1st period - Stopped by Henrik Lundqvist with a rebound.
14:10 of 1st period - Snap shot by Brandon Sutter.
14:10 of 1st period - Shot Misses the Net.
14:38 of 1st period - Wrist shot by Henrik Sedin.
14:38 of 1st period - Stopped by Jacob Markstrom with a rebound.
14:40 of 1st period - Backhand shot by Henrik Sedin.
14:40 of 1st period - Shot Blocked by Drew Fata.
14:42 of 1st period - Snap shot by Mark Stuart.
14:42 of 1st period - Stopped by Jacob Markstrom without a rebound.
14:43 of 1st period - Frans Nielsen wins face-off versus Robert Nilsson in Canucks zone.
14:46 of 1st period - Wrist shot by Steve Downie.
14:46 of 1st period - Stopped by Jacob Markstrom with a rebound.
15:10 of 1st period - Raphael Diaz is hit by Marc Savard.
15:13 of 1st period - Off-side.
15:14 of 1st period - Pierre-Marc Bouchard wins face-off versus Marc Savard in neutral zone.
15:37 of 1st period - Pierre-Marc Bouchard is hit by Jeremy Morin and loses puck.
15:42 of 1st period - Wrist shot by Marc Savard.
15:42 of 1st period - Shot Misses the Net.
15:44 of 1st period - Slapshot by Jeremy Morin.
15:44 of 1st period - Stopped by Henrik Lundqvist without a rebound.
15:45 of 1st period - Frans Nielsen wins face-off versus Robert Nilsson in Canadiens zone.
16:42 of 1st period - Slapshot by Jeremy Morin.
16:42 of 1st period - Deflect By Marc Savard.
16:42 of 1st period - Stopped by Henrik Lundqvist without a rebound.
16:43 of 1st period - Pierre-Marc Bouchard wins face-off versus Marc Savard in Canadiens zone.
16:48 of 1st period - Wrist shot by Enver Lisin.
16:48 of 1st period - Shot Misses the Net.
16:50 of 1st period - Wrist shot by Colton Parayko.
16:50 of 1st period - Stopped by Jacob Markstrom without a rebound.
16:51 of 1st period - Henrik Sedin wins face-off versus Robert Nilsson in Canucks zone.
16:52 of 1st period - Snap shot by Corey Perry.
16:52 of 1st period - Stopped by Jacob Markstrom without a rebound.
16:53 of 1st period - Henrik Sedin wins face-off versus Loui Eriksson in Canucks zone.
17:30 of 1st period - Slapshot by Brandon Saad.
17:30 of 1st period - Stopped by Henrik Lundqvist with a rebound.
17:57 of 1st period - Snap shot by Henrik Sedin.
17:57 of 1st period - Stopped by Jacob Markstrom without a rebound.
17:58 of 1st period - Frans Nielsen wins face-off versus Brandon Sutter in Canucks zone.
18:44 of 1st period - Wrist shot by Brett Maclean.
18:44 of 1st period - Stopped by Jacob Markstrom with a rebound.
18:46 of 1st period - Slapshot by Raphael Diaz.
18:46 of 1st period - Deflect By Dustin Boyd.
18:46 of 1st period - Shot Misses the Net.
18:46 of 1st period - Puck is out of play.
18:47 of 1st period - Dustin Boyd wins face-off versus Marc Savard in Canucks zone.
19:12 of 1st period - Drew Fata is hit by Greg Stewart and loses puck.
Goals for this period are 0 for Canucks vs 0 for Canadiens.
Shots for this period are 8 for Canucks vs 9 for Canadiens.

2nd period


0:01 of 2nd period - Robert Nilsson wins face-off versus Benoit Pouliot in neutral zone.
0:18 of 2nd period - Robert Nilsson is hit by Corey Perry and loses puck.
0:33 of 2nd period - Snap shot by Enver Lisin.
0:33 of 2nd period - Shot Blocked by Loui Eriksson.
0:35 of 2nd period - Backhand shot by Colton Parayko.
0:35 of 2nd period - Shot Blocked by Drew Fata.
0:37 of 2nd period - Slapshot by Colton Parayko.
0:37 of 2nd period - Shot Blocked by Drew Fata.
0:39 of 2nd period - Snap shot by Mark Stuart.
0:39 of 2nd period - Shot Blocked by Drew Fata.
0:50 of 2nd period - Icing by Jamie McBain.
0:51 of 2nd period - Marc Savard wins face-off versus Frans Nielsen in Canucks zone.
0:56 of 2nd period - Slapshot by Jamie McBain.
0:56 of 2nd period - Shot Blocked by Frans Nielsen.
0:58 of 2nd period - Slapshot by Jamie McBain.
0:58 of 2nd period - Stopped by Henrik Lundqvist with a rebound.
1:42 of 2nd period - Off-side.
1:43 of 2nd period - Brandon Sutter wins face-off versus Frans Nielsen in neutral zone.
2:01 of 2nd period - Wrist shot by Brandon Sutter.
2:01 of 2nd period - Stopped by Henrik Lundqvist without a rebound.
2:02 of 2nd period - Robert Nilsson wins face-off versus Henrik Sedin in Canadiens zone.
2:11 of 2nd period - Slapshot by Benoit Pouliot.
2:11 of 2nd period - Shot Misses the Net.
2:53 of 2nd period - Kurtis Foster is hit by Mark Stuart and loses puck.
3:38 of 2nd period - Slapshot by Corey Perry.
3:38 of 2nd period - Shot Blocked by Theo Peckham.
3:40 of 2nd period - Snap shot by Corey Perry.
3:40 of 2nd period - Deflect By Benoit Pouliot.
3:40 of 2nd period - Stopped by Jacob Markstrom without a rebound.
3:41 of 2nd period - Henrik Sedin wins face-off versus Robert Nilsson in Canucks zone.
3:46 of 2nd period - Snap shot by Corey Perry.
3:46 of 2nd period - Stopped by Jacob Markstrom with a rebound.
3:56 of 2nd period - Wrist shot by Robert Nilsson.
3:56 of 2nd period - Stopped by Henrik Lundqvist without a rebound.
3:57 of 2nd period - Frans Nielsen wins face-off versus Robert Nilsson in Canadiens zone.
4:04 of 2nd period - Tyler Toffoli is hit by Greg Stewart and loses puck.
4:32 of 2nd period - Slapshot by Jamie McBain.
4:32 of 2nd period - Stopped by Henrik Lundqvist without a rebound.
4:33 of 2nd period - Robert Nilsson wins face-off versus Frans Nielsen in Canadiens zone.
5:16 of 2nd period - Slapshot by Greg Stewart.
5:16 of 2nd period - Goal by Greg Stewart - Canucks : 0 - Canadiens : 1.
5:17 of 2nd period - Marc Savard wins face-off versus Henrik Sedin in neutral zone.
5:30 of 2nd period - Marc Savard is hit by Henrik Sedin.
5:44 of 2nd period - Raphael Diaz is hit by Pierre-Luc Létourneau and loses puck.
5:51 of 2nd period - Backhand shot by Patrick Eaves.
5:51 of 2nd period - Stopped by Henrik Lundqvist with a rebound.
6:11 of 2nd period - Colton Parayko is hit by Jonathan Blum and loses puck.
6:26 of 2nd period - Dustin Boyd is hit by Loui Eriksson and loses puck.
6:37 of 2nd period - Snap shot by Dustin Boyd.
6:37 of 2nd period - Goal by Dustin Boyd - Canucks : 0 - Canadiens : 2.
6:38 of 2nd period - Henrik Sedin wins face-off versus Robert Nilsson in neutral zone.
6:49 of 2nd period - Snap shot by Benoit Pouliot.
6:49 of 2nd period - Shot Blocked by Jamie McBain.
6:54 of 2nd period - Icing by Robert Nilsson.
6:55 of 2nd period - Frans Nielsen wins face-off versus Robert Nilsson in Canucks zone.
6:58 of 2nd period - Snap shot by Frans Nielsen.
6:58 of 2nd period - Stopped by Jacob Markstrom without a rebound.
6:59 of 2nd period - Frans Nielsen wins face-off versus Robert Nilsson in Canucks zone.
7:06 of 2nd period - Greg Stewart is hit by Tyler Toffoli and loses puck.
7:15 of 2nd period - Slapshot by Steve Downie.
7:15 of 2nd period - Stopped by Jacob Markstrom without a rebound.
7:16 of 2nd period - Marc Savard wins face-off versus Henrik Sedin in Canucks zone.
7:27 of 2nd period - Wrist shot by Jason Zucker.
7:27 of 2nd period - Stopped by Henrik Lundqvist with a rebound.
7:29 of 2nd period - Slapshot by Jamie McBain.
7:29 of 2nd period - Stopped by Henrik Lundqvist with a rebound.
7:51 of 2nd period - Slapshot by Patrick Eaves.
7:51 of 2nd period - Stopped by Henrik Lundqvist without a rebound.
7:52 of 2nd period - Frans Nielsen wins face-off versus Robert Nilsson in Canadiens zone.
7:52 of 2nd period - Frans Nielsen is hit by Loui Eriksson.
8:00 of 2nd period - Slapshot by Frans Nielsen.
8:00 of 2nd period - Deflect By Greg Stewart.
8:00 of 2nd period - Shot Misses the Net.
8:00 of 2nd period - Puck is out of play.
8:01 of 2nd period - Frans Nielsen wins face-off versus Robert Nilsson in Canucks zone.
8:17 of 2nd period - Slapshot by Cameron Gaunce.
8:17 of 2nd period - Shot Blocked by Loui Eriksson.
8:19 of 2nd period - Slapshot by Vitaly Vishnevsky.
8:19 of 2nd period - Stopped by Jacob Markstrom without a rebound.
8:20 of 2nd period - Marc Savard wins face-off versus Henrik Sedin in Canucks zone.
8:26 of 2nd period - Off-side.
8:27 of 2nd period - Henrik Sedin wins face-off versus Marc Savard in neutral zone.
9:08 of 2nd period - Slapshot by Jason Zucker.
9:08 of 2nd period - Stopped by Henrik Lundqvist without a rebound.
9:09 of 2nd period - Frans Nielsen wins face-off versus Robert Nilsson in Canadiens zone.
9:20 of 2nd period - Snap shot by Frans Nielsen.
9:20 of 2nd period - Stopped by Jacob Markstrom without a rebound.
9:21 of 2nd period - Frans Nielsen wins face-off versus Robert Nilsson in Canucks zone.
11:27 of 2nd period - Wrist shot by Jeremy Morin.
11:27 of 2nd period - Shot Hit the Post.
11:29 of 2nd period - Wrist shot by Jordie Benn.
11:29 of 2nd period - Stopped by Henrik Lundqvist without a rebound.
11:30 of 2nd period - Henrik Sedin wins face-off versus Marc Savard in Canadiens zone.
11:35 of 2nd period - Slapshot by Jeremy Morin.
11:35 of 2nd period - Goal by Jeremy Morin - Canucks : 1 - Canadiens : 2.
11:36 of 2nd period - Robert Nilsson wins face-off versus Henrik Sedin in neutral zone.
12:16 of 2nd period - Backhand shot by Jeremy Morin.
12:16 of 2nd period - Stopped by Henrik Lundqvist without a rebound.
12:17 of 2nd period - Brandon Sutter wins face-off versus Henrik Sedin in Canadiens zone.
12:32 of 2nd period - Slapshot by Benoit Pouliot.
12:32 of 2nd period - Stopped by Jacob Markstrom with a rebound.
12:42 of 2nd period - Colton Parayko is hit by Tyler Toffoli and loses puck.
12:47 of 2nd period - Snap shot by Tyler Toffoli.
12:47 of 2nd period - Stopped by Henrik Lundqvist with a rebound.
12:52 of 2nd period - Off-side.
12:53 of 2nd period - Henrik Sedin wins face-off versus Robert Nilsson in neutral zone.
14:05 of 2nd period - Slapshot by Colton Parayko.
14:05 of 2nd period - Shot Misses the Net.
14:55 of 2nd period - Snap shot by Loui Eriksson.
14:55 of 2nd period - Shot Blocked by Greg Stewart.
14:57 of 2nd period - Slapshot by Kurtis Foster.
14:57 of 2nd period - Shot Blocked by Greg Stewart.
15:36 of 2nd period - Off-side.
15:37 of 2nd period - Robert Nilsson wins face-off versus Corey Perry in neutral zone.
16:57 of 2nd period - Slapshot by Raphael Diaz.
16:57 of 2nd period - Stopped by Jacob Markstrom with a rebound.
16:59 of 2nd period - Slapshot by Shaone Morrisonn.
16:59 of 2nd period - Shot Misses the Net.
17:17 of 2nd period - Icing by Raphael Diaz.
17:18 of 2nd period - Robert Nilsson wins face-off versus Frans Nielsen in Canadiens zone.
17:25 of 2nd period - Slapshot by Jamie McBain.
17:25 of 2nd period - Deflect By Loui Eriksson.
17:25 of 2nd period - Shot Blocked by Raphael Diaz.
17:25 of 2nd period - Puck is out of play.
17:26 of 2nd period - Henrik Sedin wins face-off versus Robert Nilsson in Canadiens zone.
17:53 of 2nd period - Slapshot by Robert Nilsson.
17:53 of 2nd period - Shot Blocked by Vitaly Vishnevsky.
18:40 of 2nd period - Slapshot by Benoit Pouliot.
18:40 of 2nd period - Stopped by Jacob Markstrom without a rebound.
18:41 of 2nd period - Robert Nilsson wins face-off versus Henrik Sedin in Canucks zone.
19:35 of 2nd period - Slapshot by Corey Perry.
19:35 of 2nd period - Shot Misses the Net.
19:37 of 2nd period - Slapshot by Colton Parayko.
19:37 of 2nd period - Shot Misses the Net.
19:39 of 2nd period - Slapshot by Benoit Pouliot.
19:39 of 2nd period - Shot Misses the Net.
19:57 of 2nd period - Slapshot by Colton Gillies.
19:57 of 2nd period - Shot Misses the Net.
Goals for this period are 1 for Canucks vs 2 for Canadiens.
Shots for this period are 13 for Canucks vs 11 for Canadiens.

3rd period


0:01 of 3rd period - Henrik Sedin wins face-off versus Loui Eriksson in neutral zone.
0:23 of 3rd period - Icing by Robert Nilsson.
0:24 of 3rd period - Frans Nielsen wins face-off versus Marc Savard in Canucks zone.
1:03 of 3rd period - Wrist shot by Robert Nilsson.
1:03 of 3rd period - Stopped by Henrik Lundqvist without a rebound.
1:04 of 3rd period - Pierre-Marc Bouchard wins face-off versus Patrick Eaves in Canadiens zone.
1:11 of 3rd period - Wrist shot by Pierre-Marc Bouchard.
1:11 of 3rd period - Shot Blocked by Kurtis Foster.
1:17 of 3rd period - Snap shot by Brandon Sutter.
1:17 of 3rd period - Shot Blocked by Brett Maclean.
1:29 of 3rd period - Robert Nilsson is hit by Mark Stuart.
1:35 of 3rd period - Slapshot by Jonathan Blum.
1:35 of 3rd period - Stopped by Henrik Lundqvist with a rebound.
1:59 of 3rd period - Snap shot by Greg Stewart.
1:59 of 3rd period - Stopped by Jacob Markstrom with a rebound.
3:03 of 3rd period - Wrist shot by Robert Nilsson.
3:03 of 3rd period - Shot Misses the Net.
3:09 of 3rd period - Minor Penalty to Cameron Gaunce for Holding.
3:10 of 3rd period - Robert Nilsson wins face-off versus Corey Perry in Canadiens zone.
3:27 of 3rd period - Slapshot by Tyler Toffoli.
3:27 of 3rd period - Stopped by Henrik Lundqvist without a rebound.
3:28 of 3rd period - Marc Savard wins face-off versus Corey Perry in Canadiens zone.
4:27 of 3rd period - Icing by Marc Savard.
4:28 of 3rd period - Marc Savard wins face-off versus Dustin Boyd in Canucks zone.
5:09 of 3rd period - Penalty to Cameron Gaunce is over, Cameron Gaunce is back on ice.
5:44 of 3rd period - Vitaly Vishnevsky is hit by Theo Peckham and loses puck.
6:00 of 3rd period - Icing by Shaone Morrisonn.
6:01 of 3rd period - Pierre-Marc Bouchard wins face-off versus Robert Nilsson in Canadiens zone.
6:08 of 3rd period - Snap shot by Brett Maclean.
6:08 of 3rd period - Shot Misses the Net.
6:10 of 3rd period - Slapshot by Shaone Morrisonn.
6:10 of 3rd period - Stopped by Jacob Markstrom with a rebound.
6:12 of 3rd period - Backhand shot by Pierre-Marc Bouchard.
6:12 of 3rd period - Stopped by Jacob Markstrom without a rebound.
6:13 of 3rd period - Frans Nielsen wins face-off versus Loui Eriksson in Canucks zone.
7:03 of 3rd period - Slapshot by Colton Gillies.
7:03 of 3rd period - Deflect By Jack Skille.
7:03 of 3rd period - Shot Misses the Net.
7:03 of 3rd period - Puck is out of play.
7:04 of 3rd period - Dustin Boyd wins face-off versus Colton Gillies in Canadiens zone.
7:14 of 3rd period - Icing by Kurtis Foster.
7:15 of 3rd period - Colton Gillies wins face-off versus Corey Perry in Canucks zone.
7:15 of 3rd period - Colton Gillies is hit by Colton Parayko.
7:41 of 3rd period - Snap shot by Steve Downie.
7:41 of 3rd period - Shot Blocked by Kurtis Foster.
8:54 of 3rd period - Snap shot by Greg Stewart.
8:54 of 3rd period - Stopped by Jacob Markstrom without a rebound.
8:55 of 3rd period - Robert Nilsson wins face-off versus Greg Stewart in Canucks zone.
9:09 of 3rd period - Minor Penalty to Colton Parayko for Hooking.
9:10 of 3rd period - Robert Nilsson wins face-off versus Corey Perry in Canadiens zone.
9:10 of 3rd period - Snap shot by Tyler Toffoli.
9:10 of 3rd period - Shot Misses the Net.
9:12 of 3rd period - Wrist shot by Tyler Toffoli.
9:12 of 3rd period - Shot Blocked by Henrik Sedin.
9:14 of 3rd period - Wrist shot by Tyler Toffoli.
9:14 of 3rd period - Shot Misses the Net.
9:16 of 3rd period - Snap shot by Robert Nilsson.
9:16 of 3rd period - Shot Blocked by Shaone Morrisonn.
10:20 of 3rd period - Loui Eriksson is hit by Benoit Pouliot and loses puck.
11:09 of 3rd period - Penalty to Colton Parayko is over, Colton Parayko is back on ice.
11:43 of 3rd period - Cameron Gaunce is hit by Jack Skille and loses puck.
12:22 of 3rd period - Patrick Eaves is hit by Corey Perry and loses puck.
12:45 of 3rd period - Wrist shot by Greg Stewart.
12:45 of 3rd period - Shot Misses the Net.
13:52 of 3rd period - Brett Maclean is hit by Jack Skille and loses puck.
14:43 of 3rd period - Kurtis Foster is hit by Pierre-Marc Bouchard and loses puck.
14:52 of 3rd period - Cameron Gaunce is hit by Brandon Saad and loses puck.
15:03 of 3rd period - Tyler Toffoli is hit by Benoit Pouliot and loses puck.
15:12 of 3rd period - Theo Peckham is hit by Henrik Sedin and loses puck.
16:13 of 3rd period - Off-side.
16:14 of 3rd period - Robert Nilsson wins face-off versus Pierre-Marc Bouchard in neutral zone.
16:19 of 3rd period - Snap shot by Robert Nilsson.
16:19 of 3rd period - Shot Misses the Net.
16:41 of 3rd period - Drew Fata is hit by Greg Stewart and loses puck.
16:50 of 3rd period - Snap shot by Steve Downie.
16:50 of 3rd period - Stopped by Jacob Markstrom without a rebound.
16:51 of 3rd period - Brandon Sutter wins face-off versus Henrik Sedin in Canucks zone.
17:38 of 3rd period - Slapshot by Robert Nilsson.
17:38 of 3rd period - Stopped by Henrik Lundqvist with a rebound.
17:46 of 3rd period - Wrist shot by Greg Stewart.
17:46 of 3rd period - Stopped by Jacob Markstrom with a rebound.
17:48 of 3rd period - Wrist shot by Steve Downie.
17:48 of 3rd period - Shot Misses the Net.
17:58 of 3rd period - Marc Savard is hit by Nikolai Zherdev and loses puck.
18:44 of 3rd period - Snap shot by Pierre-Marc Bouchard.
18:44 of 3rd period - Stopped by Jacob Markstrom without a rebound.
18:45 of 3rd period - Peter Laviolette call a timeout for Canucks.
18:45 of 3rd period - Pierre-Marc Bouchard wins face-off versus Robert Nilsson in Canucks zone.
19:00 of 3rd period - Slapshot by Colton Parayko.
19:00 of 3rd period - Deflect By Robert Nilsson.
19:00 of 3rd period - Stopped by Jacob Markstrom with a rebound.
19:02 of 3rd period - Slapshot by Colton Parayko.
19:02 of 3rd period - Shot Misses the Net.
19:10 of 3rd period - Jordie Benn is hit by Pierre-Marc Bouchard and loses puck.
19:15 of 3rd period - Snap shot by Enver Lisin.
19:15 of 3rd period - Shot Blocked by Theo Peckham.
19:17 of 3rd period - Wrist shot by Enver Lisin.
19:17 of 3rd period - Shot Misses the Net.
19:19 of 3rd period - Slapshot by Raphael Diaz.
19:19 of 3rd period - Deflect By Pierre-Marc Bouchard.
19:19 of 3rd period - Shot Misses the Net.
19:19 of 3rd period - Puck is out of play.
19:20 of 3rd period - Henrik Sedin wins face-off versus Robert Nilsson in Canucks zone.
19:21 of 3rd period - Wrist shot by Corey Perry.
19:21 of 3rd period - Shot Misses the Net.
19:27 of 3rd period - Canucks, Jacob Markstrom is pulled from the net.
19:37 of 3rd period - Slapshot by Benoit Pouliot.
19:37 of 3rd period - Shot Misses the Net.
19:49 of 3rd period - Snap shot by Robert Nilsson.
19:49 of 3rd period - Shot Misses the Net.
19:51 of 3rd period - Slapshot by Robert Nilsson.
19:51 of 3rd period - Shot Misses the Net.
19:53 of 3rd period - Snap shot by Tyler Toffoli.
19:53 of 3rd period - Deflect By Robert Nilsson.
19:53 of 3rd period - Shot Blocked by Henrik Sedin.
19:53 of 3rd period - Puck is out of play.
19:54 of 3rd period - Robert Nilsson wins face-off versus Henrik Sedin in Canadiens zone.
Goals for this period are 0 for Canucks vs 0 for Canadiens.
Shots for this period are 4 for Canucks vs 8 for Canadiens.